 Dungeon Crawl Stone Soup version 0.29.1-2-gbd0b4ee654 (webtiles) character file.

Game seed: 2644570874147194097

54 Avanven the Insei (level 3, -3/27 HPs)
             Began as a Demigod Transmuter on Nov 12, 2022.
             Slain by Natasha (8 damage)
             ... on level 3 of the Dungeon.
             The game lasted 00:02:18 (2622 turns).

Avanven the Insei (Demigod Transmuter)              Turns: 2622, Time: 00:02:19

Health: -3/27      AC:  2    Str: 11    XL:     3   Next: 44%
Magic:  6/8        EV: 12    Int: 19    God:
Gold:   96         SH:  0    Dex: 14    Spells: 2/5 levels left

rFire   . . .      SeeInvis .     - Unarmed
rCold   . . .      Faith    .   (no shield)
rNeg    . . .      Spirit   .   a - +0 robe
rPois   .          Reflect  .   (no helmet)
rElec   .          Harm     .   (no cloak)
rCorr   .          Rampage  .   (no gloves)
Will    .....                   (no boots)
Stlth   +.........              (no amulet)
HPRegen 0.09/turn               (no ring)
MPRegen 0.11/turn               (no ring)

@: wereblooded
A: high MP 1, forlorn, divine attributes
a: no special abilities


You were on level 3 of the Dungeon.
You visited 1 branch of the dungeon, and saw 3 of its levels.

You collected 96 gold pieces.

Inventory:

Armour
 a - a +0 robe (worn)
Scrolls
 d - 3 scrolls of identify {unknown}
 e - a scroll of magic mapping {unknown}
 f - a scroll of vulnerability {unknown}
 g - 2 scrolls of teleportation {unknown}
 h - a scroll of amnesia {unknown}
Potions
 b - 2 potions of lignification
 c - a potion of invisibility {unknown}


   Skills:
 - Level 0.8 Fighting
 - Level 1.7 Dodging
 * Level 3.8 Unarmed Combat
 - Level 1.7 Spellcasting
 + Level 2.5 Transmutations


You had 2 spell levels left.
You knew the following spells:

 Your Spells              Type           Power      Damage    Failure   Level
a - Beastly Appendage     Tmut           22%        N/A       6%          1
b - Wereblood             Tmut           11%        N/A       10%         2

Your spell library contained the following spells:

 Spells                   Type           Power      Damage    Failure   Level
 Static Discharge         Conj/Air       1%         3-4/arc   26%         2
 Spider Form              Tmut/Pois      6%         N/A       30%         3
 Ignite Poison            Fire/Tmut/Pois 4%         N/A       36%         3
 Mephitic Cloud           Conj/Pois/Air  1%         N/A       45%         3
 Ice Form                 Ice/Tmut       6%         N/A       71%         4
 Freezing Cloud           Conj/Ice/Air   0%         6-21      99%         5
 Lightning Bolt           Conj/Air       0%         1d11      99%         5
 Maxwell's Capacitive Co  Air            0%         ∞         100%        8


Dungeon Overview and Level Annotations

Branches:
Dungeon (3/15)

Annotations:
D:3 Natasha


Innate Abilities, Weirdness & Mutations

You have an increased reservoir of magic. (+10% MP)
You shall have no god before yourself.
Your divine heritage dramatically boosts your attributes as you level up.


Message History

Confirm with . or Enter, or press ? or * to list all spells.
Your blood is infused with primal strength.
Your transformation is almost over.
The kobold shouts!
You hear a shout!
A goblin comes into view. It is wielding a +0 dagger.
The goblin shouts!
Natasha, Servant of Life and Death comes into view.
Natasha hisses angrily.
The kobold hits you with a +0 dagger.
You hit the kobold but do no damage. The kobold completely misses you.
You barely miss the kobold. Your kick misses the kobold.
The kobold hits you but does no damage. The goblin hits you but does no damage.
You hit the kobold.
You feel a bit better.
You kill the kobold!
The goblin closely misses you.
You barely miss Natasha. Natasha claws you.
You hit Natasha. Your kick misses Natasha.
Natasha is moderately wounded.
The goblin closely misses you.
Natasha stares at you and mumbles some strange words.
The magic dart hits you!
You closely miss Natasha.
Natasha is moderately wounded.
You howl as the wereblood boils in your veins!
Your horns disappear.
Your talons disappear.
You hear an angry hiss.
The goblin hits you but does no damage. Natasha barely misses you.
You barely miss Natasha.
Natasha is moderately wounded.
The goblin hits you with a +0 dagger. Natasha claws you!
* * * LOW HITPOINT WARNING * * *
You hit Natasha.
Natasha is moderately wounded.
You howl as the wereblood boils in your veins!
You hear a shout!
The goblin hits you but does no damage. Natasha barely misses you.
You hit Natasha. You punch Natasha, but do no damage.
Natasha is severely wounded.
The goblin closely misses you. Natasha claws you!
You die...

##.# #.# # #.# ..
## #.## ...
....#####..#
#..###.....>..# #
#.>.#####...## .#
#.h####.#.####..#
#g@.##.#.......#
###......#.###.#
#....##<....#
.....#####..##.#
...### ..## .# ..
.... . . ##### .


You could see Natasha and a goblin.

Vanquished Creatures
  An adder (D:2)
  3 worms
  A dart slug (D:1)
  5 ball pythons
  3 endoplasms
  A giant cockroach (D:2)
  4 goblins
  2 hobgoblins
  A quokka (D:1)
  6 bats
  2 frilled lizards
  3 kobolds
  2 rats (D:1)
34 creatures vanquished.

Notes
Turn   | Place    | Note
-------+----------+-------------------------------------------
     0 | D:1      | Avanven the Demigod Transmuter began the quest for the Orb.
     0 | D:1      | Reached XP level 1. HP: 15/15 MP: 5/5
   277 | D:1      | Reached skill level 3 in Unarmed Combat
   333 | D:1      | Reached XP level 2. HP: 8/22 MP: 7/7
   627 | D:1      | Learned a level 2 spell: Wereblood
  1702 | D:2      | Reached XP level 3. HP: 27/27 MP: 4/8
  2612 | D:3      | Noticed Natasha
  2622 | D:3      | Slain by Natasha

Illustrated notes

Levels and vault maps discovered:
D:1:      eino_arrival_cavern_d, layout_loops_cross, grunt_decor_resistance,
          st_stairs_10, minmay_unequal
D:2:      layout_basic, shapermc_ecumenical_altar_totnotflames,
          hex_intersection, grunt_ministairs_11, serial_park_tiny_2
D:3:      layout_rooms, mainiacjoe_overflow_catwalk,
          nicolae_ru_the_path_less_chosen, minmay_misc_feat_ornament,
          minmay_close_crescents, uniq_robin, uniq_natasha,
          uniq_crazy_yiuf_cottage

Skill      XL: |  1 |
---------------+----+-----
Unarmed Combat | 3 |  3.8
Transmutations | 2 |  2.5
Fighting       | |  0.8
Dodging        | |  1.7
Spellcasting   | |  1.7

Action                   || total
-------------------------++-------
Melee: Unarmed           ||    73
       Kick              ||    19
       Headbutt          ||    10
       Punch             ||     2
 Cast: Beastly Appendage ||    30
       Wereblood         ||    18
Armor: Robe              ||    16
Dodge: Dodged            ||    53
